Zazza, neutral female human Tourist # ------- --------------- |.....| --------------- #...............#####---------- #......| |.............| #|.............| #|........| #|......#####-.............| #|............<.#####|........| #|.#...| |.............| #|.............| #.........| #|.....| --.---------|-- #--------------- -----.---- #------- # `# ## # # ### # # # # # # # ########### # ### # -.-.- ---------# # # |....#### |.......|# ### # |...| # ------- |.......|@ # # |...| ##-.....| |.......|f ---- ## # |...| |.....| |..]....|# |..| -----------|--# |...| |.....| |.......|# |..| |.......>....-# ----- |.....| |(....).*# ---- ######|............| ------- --------- |............| -------------- Zazza the Rambler Experience level: 1 Strength: 10 Dexterity: 9 Constitution: 17 Intelligence: 11 Wisdom: 10 Charisma: 18 Health: 0(14) Energy: 2(2) Def: 5 Gold: 0 Moves: 2619 Dungeon seed: 3CiaBRI23WRC1-Dj Game ID: Zazza_1598081509 Your Inventory: Weapons a - 22 +2 darts (in quiver) D - a +0 silver spear (weapon in hand) Armor e - an uncursed +0 Hawaiian shirt (being worn) q - a blessed +0 elven mithril-coat (being worn) Comestibles b - an uncursed tripe ration c - an uncursed egg d - 3 uncursed food rations f - 2 uncursed carrots g - 3 uncursed slime molds z - 2 uncursed food rations G - an uncursed egg O - an uncursed pancake Scrolls k - 2 uncursed scrolls of magic mapping o - an uncursed scroll of punishment s - 2 uncursed scrolls of enchant weapon w - an uncursed scroll of teleportation B - a blessed scroll of stinking cloud F - an uncursed scroll of identify P - an uncursed scroll of identify S - an uncursed scroll of blank paper Potions j - 2 uncursed potions of extra healing A - an uncursed potion of water C - an uncursed potion of fruit juice I - a blessed potion of confusion R - a blessed potion of gain level U - an uncursed potion of gain level Wands p - a wand of secret door detection (0:13) t - a wand of light (0:10) Tools l - an expensive camera (0:60) m - an uncursed credit card Gems n - an uncursed luckstone r - an uncursed worthless piece of black glass Spells and supernatural/magical abilities: Name Level Category Fail Memory W - pray for help -- divine ? -- Your skills at the end: Fighting Skills Weapon Skills dart [Basic] Spellcasting Skills Final Attributes: You were stridently aligned. You were lucky. You had extra luck. Bad luck did not time out for you. Good luck did not time out for you. You are dead. Vanquished creatures: a large mimic a homunculus a coyote a gas spore a hobbit a large kobold a hobgoblin a gnome zombie 2 geckos 14 jackals 2 foxes a kobold 2 goblins 3 sewer rats 8 grid bugs 4 lichens 2 kobold zombies 7 newts 53 creatures vanquished. Voluntary challenges: You used a wielded weapon 4 times, starting on turn 1497. You read items or engraved 10 times, starting on turn 533. You never genocided any monsters. You never polymorphed an object. You never changed form. You used no wishes. You never split a pudding. You wrote Elbereth's name 2 times, starting on turn 534. You violated your moral code, losing 1 point of alignment, starting on turn 2615. Dungeon overview: The Dungeons of Doom: levels 1 to 5 Level 1 a fountain a long staircase Level 2 a fountain a long staircase Level 3 a general store Level 4 a general store Level 5 <- You were here a hardware shop, a sink History has recorded: On T:1 you entered the Dungeons of Doom to retrieve the Amulet of Yendor! On T:525 you reached level 2 of The Dungeons of Doom. On T:889 you reached level 3 of The Dungeons of Doom. On T:1568 you reached level 4 of The Dungeons of Doom. On T:2189 you reached level 5 of The Dungeons of Doom. Score breakdown: Gold: 0 ( 0 points) Experience: 1 level ( 0 points) Exploration: 5 levels ( 10.87%) ( 8944 points) Discoveries: 6 items ( 2.01%) ( 4256 points) Valuables value: (no points given unless you survive) Artifact value: 0 ( 0 points) Variety of kills: 18 monsters ( 4.72%) ( 6520 points) Turncount: 2619 turns ( -399 points) Survival: died (score multiplied by 80%) Total score: 15456 Latest messages: You displace Armand. Armand misses Zazza's ghost. (9x) Something is written here in the dust. You read: "Elb re?h". You hear a gurgling noise. Rewuorb gets angry! The dart hits Rewuorb! You displace Armand. Rewuorb zaps a steel wand! The magic missile hits you! The magic missile bounces! Something is written here in the dust. You read: "El| re n". You displace Armand. You hear a nearby zap. The magic missile hits it. The magic missile hits Armand! The magic missile hits you! You die... Rewuorb comes and takes all your possessions. Final status: Aloha Zazza the Tourist, killed by a magic missile... You died in The Dungeons of Doom on dungeon level 5 with 15456 points, and 0 pieces of gold, after 2619 moves. You were level 1 with a maximum of 14 hit points when you died.